 Dungeon Crawl Stone Soup version 0.30.0-10-gfe55d96785 (webtiles) character file.

Game seed: 16334778405800161057

49207 dialectric the Fighter (level 13, -6/129 HPs)
             Began as a Demonspawn Fighter on May 14, 2023.
             Was the Champion of Jiyva.
             Mangled by a reaper
             ... wielding a +3 heavy scythe
              (17 damage)
             ... on level 5 of the Abyss.
             The game lasted 00:30:29 (15763 turns).

dialectric the Fighter (Demonspawn Fighter)        Turns: 15763, Time: 00:30:30

Health: -6/129     AC: 16    Str: 21      XL:     13   Next: 51%
Magic:  13/13      EV: 16    Int: 15      God:    Jiyva [******]
Gold:   887        SH:  0    Dex: 13 (14) Spells: 12/12 levels left

rFire   . . .        I - +1 short sword (venom)
rCold   x x .        (no shield)
rNeg    . . .        b - +0 scale mail
rPois   +            (helmet restricted)
rElec   .            (no cloak)
rCorr   +            i - +0 pair of gloves
SInv    +            (boots unavailable)
Will    .....        p - amulet of regeneration
Stlth   +            K - +6 ring of intelligence
HPRegen 2.81/turn    r - ring of poison resistance
MPRegen 0.63/turn

%: clarity
@: glowing
A: hooves 3, rugged brown scales 3, robust 3, horns 2, see invisible, clarity,
acidic bite, eyeballs 2, gelatinous body 3, translucent skin 1, jelly sensing
items, engulf, [berserk 2], [deterioration 2], [frail 2], [cold vulnerability 2]
}: 1/15 runes: slimy
a: Renounce Religion, Oozemancy, Slimify


You were on level 5 of the Abyss.
You worshipped Jiyva.
Jiyva was exalted by your worship.
You visited 3 branches of the dungeon, and saw 24 of its levels.
You visited the Abyss 1 time.
You also visited: Ossuary and Bailey.

You collected 887 gold pieces.

Inventory:

Hand Weapons
 a - a +0 long sword
 g - a +0 glaive
 G - a +3 short sword
 I - a +1 short sword of venom (weapon)
 T - a +2 rapier of protection
Missiles
 e - a silver boomerang (quivered)
 m - 8 poisoned darts
Armour
 b - a +0 scale mail (worn)
 i - a +0 pair of gloves (worn)
 n - a +0 helmet
Magical Staves
 P - the staff of air "Itosmus" {rElec Will+ Dex-2 SInv Stlth+}
   (You found it on level 3 of the Lair of Beasts)

   [staff of air]

   Base accuracy: +5 Base damage: 5 Base attack delay: 1.2 This weapon's minimum
   attack delay (0.6) is reached at skill level 12.
   Dex:       It affects your dexterity (-2).
   rElec:     It insulates you from electricity.
   SInv:      It lets you see invisible.
   Will:      It increases your willpower.
   Stlth:     It makes you more stealthy.
   It falls into the 'Staves' category.
   It is a one-handed weapon.
Jewellery
 p - an amulet of regeneration (around neck)
 r - a ring of poison resistance (right hand)
 K - a +6 ring of intelligence (left hand)
 R - an amulet of the acrobat
 U - a ring of flight
Wands
 C - a wand of roots (5)
 L - a wand of paralysis (9)
 N - a wand of flame (15)
Scrolls
 f - a scroll of torment
 h - a scroll of magic mapping
 k - 5 scrolls of identify
 o - a scroll of fear {unknown}
 s - 2 scrolls of enchant weapon {unknown}
 v - a scroll of immolation {unknown}
 w - 5 scrolls of enchant armour {unknown}
 y - 2 scrolls of amnesia {unknown}
 z - 2 scrolls of noise {unknown}
 B - 2 scrolls of vulnerability {unknown}
 D - 4 scrolls of fog {unknown}
 E - a scroll of poison {unknown}
 J - 5 scrolls of blinking {unknown}
 M - a scroll of silence {unknown}
 Q - a scroll of brand weapon {unknown}
 S - a scroll of butterflies {unknown}
Potions
 d - 2 potions of might
 j - a potion of curing
 l - 4 potions of ambrosia
 q - 4 potions of haste
 t - 4 potions of flight
 u - a potion of attraction {unknown}
 x - 4 potions of lignification
 A - 2 potions of brilliance
 F - 2 potions of mutation {unknown}
 H - a potion of berserk rage {unknown}
 O - 2 potions of heal wounds {unknown}


   Skills:
 + Level 13.3 Fighting
 + Level 9.5(10.6) Short Blades
 + Level 7.3(9.6) Long Blades
 - Level 2.0 Throwing
 + Level 11.1 Armour
 + Level 8.2 Dodging
 + Level 3.0 Shields
 - Level 1.0 Evocations


You had 12 spell levels left.
You didn't know any spells.
Your spell library contained the following spells:

 Spells                   Type           Power      Damage    Failure   Level
 Apportation              Tloc           0%         N/A       52%         1
 Necrotise                Necr           0%         1d4       52%         1
 Summon Small Mammal      Summ           0%         N/A       52%         1
 Summon Guardian Golem    Hex/Summ       0%         N/A       87%         3
 Vampiric Draining        Necr           0%         2d6       87%         3
 Volatile Blastmotes      Fire/Tloc      0%         2d10      87%         3
 Anguish                  Hex/Necr       0%         N/A       99%         4
 Cause Fear               Hex            0%         N/A       99%         4
 Summon Ice Beast         Ice/Summ       0%         N/A       99%         4
 Agony                    Necr           0%         N/A       100%        5
 Summon Mana Viper        Hex/Summ       0%         N/A       100%        5
 Enfeeble                 Hex            0%         N/A       100%        7
 Monstrous Menagerie      Summ           0%         N/A       100%        7
 Orb of Destruction       Conj           0%         9d5       100%        7
 Spellforged Servitor     Conj/Summ      0%         N/A       100%        7
 Maxwell's Capacitive Co  Air            0%         ∞         100%        8
 Chain Lightning          Conj/Air       0%         N/A       100%        9


Dungeon Overview and Level Annotations

Branches:
Dungeon (15/15)            Temple (0/1) D:4            Lair (4/5) D:9
  Swamp (0/4) Lair:2       Spider (0/4) Lair:3        Slime (5/5) Lair:4
    Orc (0/2) D:10         Vaults (0/5) D:13        Ossuary (visited)
 Bailey (visited)
 Depths: D:15

Altars:
Ashenzari
Dithmenos
Gozag
Hepliaklqana
Okawaru
Ru
Vehumet
Wu Jian
Xom
Yredelemnul
Jiyva

Annotations:
D:5 3 runed translucent doors, Palms's ghost, novice TrFi
D:6 2 transporters, Arex's ghost, novice DrFi
D:12 Kirke
D:15 Louise
Slime:5 Royal Jelly


Innate Abilities, Weirdness & Mutations

You have hooves in place of feet.
You are completely covered in rugged brown scales. (AC +3, +7% HP)
You are extremely robust. (+30% HP)
You have a pair of horns on your head.
You have supernaturally acute eyesight. (SInv)
You possess an exceptional clarity of mind.
You have acidic saliva.
Your body has grown many eyes which may confuse attackers. (Acc +5)
Your gelatinous body deflects attacks. (AC +3, EV +3)
Your translucent skin slightly reduces your foes' accuracy. (Stealth+)
You have a small jelly attached to you that senses nearby items.
Your melee attacks may engulf your foes in ooze.
[You have an uncontrollable temper.]
[Your body often deteriorates upon taking damage.]
[You are very frail. (-20% HP)]
[You are very vulnerable to cold. (rC--)]


Message History

The black draconian knight points at you and mumbles some strange words.
The bolt of cold hits you!!!!
You feel a terrible chill!
Ouch! That really hurt!
You shudder from the blast and a flood of jellies pours out from you!
The reaper hits you from afar with a +3 heavy scythe!
Your body deteriorates!
You feel clumsy.
Unknown command.
The daeva attacks as you move away!
The daeva hits you with a +3 long sword of holy wrath!
* * * LOW HITPOINT WARNING * * *
You convulse.
* * * LOW HITPOINT WARNING * * *
The daeva hits you with a +3 long sword of holy wrath.
* * * LOW HITPOINT WARNING * * *
You convulse.
* * * LOW HITPOINT WARNING * * *
The daeva calls down the wrath of the Shining One upon you.
The Shining One smites you!
* * * LOW HITPOINT WARNING * * *
Unknown command.
You feel better. The reaper closely misses you. The blizzard demon hits you.
* * * LOW HITPOINT WARNING * * *
The blizzard demon hits you.
* * * LOW HITPOINT WARNING * * *
The daeva calls down the wrath of the Shining One upon you.
The Shining One smites you!
* * * LOW HITPOINT WARNING * * *
The quicksilver dragon bites your quicksilver ooze.
The quicksilver dragon claws your quicksilver ooze.
Unknown command.
You feel better.
The quicksilver dragon barely misses your quicksilver ooze.
The quicksilver dragon claws your quicksilver ooze!
Your quicksilver ooze hits the quicksilver dragon.
Your quicksilver ooze misses the quicksilver dragon.
The blizzard demon hits you.
* * * LOW HITPOINT WARNING * * *
The blizzard demon hits you but does no damage.
The reaper hits you from afar with a +3 heavy scythe!
You die...

### ### ##
#.###...##
+..#+#..+.h.q.#
#.....AD#....d#
##..2JJ#.J.d..#
#...2@##...q.#
#..###..##...##
# φ+### #D##
... ..# ##


You could see a daeva, a quicksilver dragon (ally target), a reaper, a blizzard
demon and 2 friendly quicksilver oozes.

Vanquished Creatures
  Erolcha (D:13)
  2 catoblepae
  3 boulder beetles
  3 two-headed ogres (D:11)
  2 tengu warriors (D:14)
  2 death yaks (Lair:4)
  A deep elf pyromancer (D:14)
  3 oklob plants (Lair:4)
  4 cyclopes
  An ugly thing (D:13)
  A manticore (D:13)
  2 elephants (Lair:3)
  6 black mambas
  2 torpor snails
  2 gargoyles
  8 cane toads
  3 rime drakes
  A yaktaur (D:15)
  7 komodo dragons
  2 trolls
  3 polar bears
  2 hornets
  18 blink frogs
  3 dream sheep (Lair:4)
  3 culicivoras (Lair:3)
  3 jumping spiders (Lair:3)
  5 wyverns
  2 wraiths
  3 hogs
  3 basilisks
  16 yaks
  2 redbacks (Lair:3)
  An acid dragon (D:11)
  6 water moccasins
  3 ice beasts
  3 orc warriors (Bailey)
  3 black bears
  A wolf (D:9)
  7 centaurs
  A phantom (D:4)
  10 bullfrogs
  3 scorpions
  A wight (D:7)
  18 killer bees
  7 howler monkeys
  A lava snake (D:9)
  2 hounds
  8 orc priests
  Jessica (D:2)
  2 iguanas
  An iguana (shapeshifter) (D:13)
  8 orc wizards
  11 hell rats
  13 mummies (Ossuary)
  7 adders
  A shadow imp (D:6)
  A white imp (D:7)
  An ufetubus (D:5)
  5 worms
  A dart slug (D:2)
  32 orcs
  6 ball pythons
  5 bats (D:1)
  6 endoplasms
  4 giant cockroaches
  7 goblins
  2 hobgoblins
  11 kobolds
  3 quokkas
  4 frilled lizards
  A gnoll skeleton (Ossuary)
  4 goblin skeletons (Ossuary)
  A kobold skeleton (Ossuary)
  2 orc skeletons (Ossuary)
  10 rats
  11 rat skeletons (Ossuary)
355 creatures vanquished.

Vanquished Creatures (collateral kills)
  A catoblepas (Lair:1)
  An orc warrior (Bailey)
2 creatures vanquished.

Vanquished Creatures (others)
  A death yak (Lair:4)
  A shining eye (shapeshifter) (D:13)
  A manticore (shapeshifter) (D:13)
  5 slime creatures
  3 orc warriors (Bailey)
  2 centaurs (Bailey)
  A kobold brigand (D:9)
  A bullfrog (D:6)
  3 killer bees (D:9)
  A lava snake (D:9)
  2 orc priests
  56 jellies
  An orc wizard (D:9)
  A statue (D:9)
  A bullfrog simulacrum (D:5)
  An adder (D:3)
  5 orcs
  3 endoplasms
  A goblin (D:3)
  A kobold (D:9)
  A quokka (D:3)
92 creatures vanquished.

Grand Total: 449 creatures vanquished

Notes
Turn   | Place    | Note
-------+----------+-------------------------------------------
     0 | D:1      | dialectric the Demonspawn Fighter began the quest for the
                  | Orb.
     0 | D:1      | Reached XP level 1. HP: 18/18 MP: 1/1
   178 | D:1      | Gained mutation: You are partially covered in rugged brown
                  | scales. (AC +1, +3% HP) [demonic ancestry]
   178 | D:1      | Reached XP level 2. HP: 18/24 MP: 2/2
  1218 | D:1      | Reached XP level 3. HP: 25/29 MP: 3/3
  1573 | D:2      | Noticed Jessica
  1576 | D:2      | Killed Jessica
  1577 | D:2      | Gained mutation: You have large cloven feet. [demonic
                  | ancestry]
  1577 | D:2      | Reached XP level 4. HP: 36/38 MP: 4/4
  2000 | D:2      | Found a faded altar of an unknown god.
  2008 | D:2      | Prayed at the altar of an unknown god.
  2008 | D:2      | Became a worshipper of Jiyva Jookloi the Shapeless
  2008 | D:2      | Reached * piety under Jiyva
  2734 | D:3      | Reached ** piety under Jiyva
  3246 | D:4      | Noticed a black bear
  3268 | D:3      | Killed a black bear
  3269 | D:3      | Reached XP level 5. HP: 25/43 MP: 5/5
  3401 | D:4      | Found a staircase to the Ecumenical Temple.
  3425 | D:4      | Reached skill level 4 in Fighting
  3460 | D:4      | Noticed a phantom
  3472 | D:4      | Killed a phantom
  3473 | D:4      | Reached XP level 6. HP: 49/49 MP: 6/6
  3481 | D:4      | Found an opulent altar of Gozag.
  3481 | D:4      | Found a hazy altar of Hepliaklqana.
  3486 | D:4      | Reached *** piety under Jiyva
  3693 | D:4      | Gained mutation: Your rubbery body absorbs attacks. (AC +1,
                  | EV +1) [Jiyva's grace]
  3693 | D:4      | Gained mutation: Your pliable body absorbs attacks. (AC +2,
                  | EV +2) [Jiyva's grace]
  3693 | D:4      | Gained mutation: Your gelatinous body deflects attacks. (AC
                  | +3, EV +3) [Jiyva's grace]
  3693 | D:4      | Gained mutation: Armour fits poorly on your pseudopods.
                  | [Jiyva's grace]
  4000 | D:5      | Entered Level 5 of the Dungeon
  4035 | D:5      | Found a runed translucent gate.
  4035 | D:5      | Found a runed translucent gate.
  4035 | D:5      | Found a runed translucent gate.
  4064 | D:5      | Reached skill level 1 in Dodging
  4116 | D:5      | Found an ornate altar of the Wu Jian Council.
  4168 | D:5      | Reached **** piety under Jiyva
  4314 | D:5      | Gained mutation: You have hoof-like feet. [demonic
                  | ancestry]
  4314 | D:5      | Reached XP level 7. HP: 55/55 MP: 7/7
  4541 | D:5      | Noticed Palms's ghost (novice TrFi)
  4715 | D:6      | Found a sacrificial altar of Ru.
  4750 | D:6      | Reached skill level 5 in Long Blades
  4764 | D:6      | Found a transporter.
  4840 | D:6      | Noticed Arex's ghost (novice DrFi)
  4869 | D:6      | Found a transporter.
  4903 | D:6      | Reached ***** piety under Jiyva
  4912 | D:6      | Found a sand-covered staircase.
  5018 | Ossuary  | Entered an ossuary
  5092 | Ossuary  | Reached skill level 5 in Armour
  5466 | D:6      | Reached skill level 5 in Fighting
  5466 | D:6      | Gained mutation: You are mostly covered in rugged brown
                  | scales. (AC +2, +5% HP) [demonic ancestry]
  5466 | D:6      | Reached XP level 8. HP: 54/65 MP: 8/8
  5615 | D:7      | Lost mutation: Your gelatinous body deflects attacks. (AC
                  | +3, EV +3) [Jiyva's grace]
  5615 | D:7      | Lost mutation: Your pliable body absorbs attacks. (AC +2,
                  | EV +2) [Jiyva's grace]
  5615 | D:7      | Lost mutation: Your rubbery body absorbs attacks. (AC +1,
                  | EV +1) [Jiyva's grace]
  5615 | D:7      | Gained mutation: You possess an exceptional clarity of
                  | mind. [Jiyva's grace]
  5615 | D:7      | Gained mutation: Your translucent skin slightly reduces
                  | your foes' accuracy. (Stealth+) [Jiyva's grace]
  5615 | D:7      | Gained mutation: Your translucent skin reduces your foes'
                  | accuracy. (Stealth+) [Jiyva's grace]
  5615 | D:7      | Gained mutation: Your transparent skin significantly
                  | reduces your foes' accuracy. (Stealth+) [Jiyva's grace]
  6037 | D:7      | an orc warrior changed into a slime creature
  6037 | D:7      | Noticed a slime creature
  6120 | D:7      | Found an iron altar of Okawaru.
  6132 | D:7      | Reached skill level 6 in Fighting
  6460 | D:8      | Reached XP level 9. HP: 73/73 MP: 9/9
  6559 | D:8      | Found a flagged portal.
  6567 | Bailey   | Entered a bailey
  6817 | Bailey   | Reached skill level 1 in Short Blades
  6993 | Bailey   | Reached skill level 7 in Fighting
  6993 | Bailey   | Reached skill level 1 in Throwing
  7395 | D:8      | Paralysed by a hornet for 3 turns
  7605 | D:8      | Noticed Joseph
  7611 | D:8      | Slimified Joseph
  7611 | D:8      | Joseph changed into Joseph the slime creature
  7611 | D:8      | Noticed Joseph
  7674 | D:8      | Reached skill level 1 in Evocations
  8039 | D:9      | Found a staircase to the Lair.
  8039 | D:9      | Noticed a rime drake
  8048 | D:9      | Noticed a polar bear
  8051 | D:9      | Noticed a polar bear
  8057 | D:9      | Slimified a polar bear
  8057 | D:9      | a polar bear changed into a slime creature
  8070 | D:9      | Killed a polar bear
  8080 | D:9      | Killed a rime drake
  8081 | D:9      | Reached skill level 8 in Fighting
  8153 | D:9      | Found a radiant altar of Vehumet.
  8176 | Lair:1   | Entered Level 1 of the Lair of Beasts
  8176 | Lair:1   | Noticed a polar bear
  8176 | Lair:1   | Noticed a komodo dragon
  8176 | Lair:1   | Found a gate leading to a gauntlet.
  8189 | D:9      | HP: 1/77 [yak (11)]
  8246 | D:9      | Gained mutation: You have hooves in place of feet. [demonic
                  | ancestry]
  8246 | D:9      | Reached XP level 10. HP: 77/84 MP: 10/10
  8656 | D:9      | Gained mutation: Your melee attacks may engulf your foes in
                  | ooze. [Jiyva's grace]
  8656 | D:9      | Gained mutation: Your body has grown eyes which may confuse
                  | attackers. (Acc +3) [Jiyva's grace]
  8656 | D:9      | Gained mutation: Your body has grown many eyes which may
                  | confuse attackers. (Acc +5) [Jiyva's grace]
  8656 | D:9      | Gained mutation: Your body is covered in eyes which may
                  | confuse attackers. (Acc +7, SInv) [Jiyva's grace]
  8843 | Lair:1   | Noticed a black mamba
  8871 | Lair:1   | Killed a black mamba
  8887 | Lair:1   | Noticed a cane toad
  8899 | Lair:1   | Reached skill level 9 in Fighting
  9037 | D:9      | Killed a cane toad
  9115 | D:9      | Noticed an angel
  9119 | D:9      | Found a shimmering altar of Xom.
  9257 | D:10     | Entered Level 10 of the Dungeon
  9261 | D:10     | Found a basalt altar of Yredelemnul.
  9498 | D:10     | Reached skill level 5 in Short Blades
  9603 | D:10     | Found a staircase to the Orcish Mines.
  9757 | D:10     | Gained mutation: You are completely covered in rugged brown
                  | scales. (AC +3, +7% HP) [demonic ancestry]
  9757 | D:10     | Reached XP level 11. HP: 75/96 MP: 11/11
 10056 | D:11     | Reached skill level 5 in Dodging
 10143 | D:11     | Noticed a two-headed ogre
 10153 | D:11     | Killed a two-headed ogre
 10154 | D:11     | Reached skill level 10 in Fighting
 10328 | D:11     | Noticed a two-headed ogre
 10340 | D:11     | Killed a two-headed ogre
 10364 | D:11     | Reached ****** piety under Jiyva
 10386 | D:11     | Noticed a two-headed ogre
 10392 | D:11     | Killed a two-headed ogre
 10554 | D:12     | Noticed a boulder beetle
 10581 | D:12     | Noticed Kirke
 10626 | D:12     | Noticed a boulder beetle
 10630 | D:12     | Noticed a boulder beetle
 10726 | Lair:1   | Gained mutation: You have acidic saliva. [Jiyva's grace]
 10726 | Lair:1   | Gained mutation: You have a small jelly attached to you
                  | that senses nearby items. [Jiyva's grace]
 10726 | Lair:1   | Gained mutation: Your rubbery body absorbs attacks. (AC +1,
                  | EV +1) [Jiyva's grace]
 10726 | Lair:1   | Gained mutation: Your pliable body absorbs attacks. (AC +2,
                  | EV +2) [Jiyva's grace]
 10944 | Lair:1   | Noticed a catoblepas
 10961 | Lair:1   | Killed a catoblepas
 10962 | Lair:1   | Reached skill level 11 in Fighting
 11043 | Lair:1   | Got the Quarto of Austromancy and Geometry
 11220 | Lair:2   | Gained mutation: You are robust. (+10% HP) [demonic
                  | ancestry]
 11220 | Lair:2   | Reached XP level 12. HP: 81/117 MP: 12/12
 11258 | Lair:2   | Noticed a catoblepas
 11281 | Lair:2   | Killed a catoblepas
 11333 | Lair:2   | Found a staircase to the Swamp.
 11431 | Lair:2   | Reached skill level 10 in Armour
 11799 | Lair:3   | Identified the staff of air "Itosmus" {rElec Will+ Dex-2
                  | SInv Stlth+}
 11965 | Lair:3   | Found a hole to the Spider Nest.
 12008 | Lair:3   | Noticed a catoblepas
 12023 | Lair:3   | Killed a catoblepas
 12227 | Lair:3   | Reached skill level 12 in Fighting
 12782 | Lair:4   | Lost mutation: Your body is covered in eyes which may
                  | confuse attackers. (Acc +7, SInv) [Jiyva's grace]
 12782 | Lair:4   | Lost mutation: Your pliable body absorbs attacks. (AC +2,
                  | EV +2) [Jiyva's grace]
 12782 | Lair:4   | Lost mutation: Armour fits poorly on your pseudopods.
                  | [Jiyva's grace]
 12782 | Lair:4   | Gained mutation: You have a pair of small horns on your
                  | head. [Jiyva's grace]
 12782 | Lair:4   | Gained mutation: You have a pair of horns on your head.
                  | [Jiyva's grace]
 12782 | Lair:4   | Gained mutation: You have a pair of large horns on your
                  | head. [Jiyva's grace]
 12782 | Lair:4   | Gained mutation: You have supernaturally acute eyesight.
                  | (SInv) [Jiyva's grace]
 13118 | Lair:4   | Found a viscous altar of Jiyva.
 13118 | Lair:4   | Found a staircase to the Slime Pits.
 13153 | Lair:4   | Reached XP level 13. HP: 65/127 MP: 13/13
 13344 | Lair:4   | a death yak changed into an azure jelly
 13344 | Lair:4   | Noticed an azure jelly
 13429 | Lair:4   | Reached skill level 13 in Fighting
 13798 | Slime:1  | Entered Level 1 of the Pits of Slime
 13798 | Slime:1  | Noticed an acid blob
 13841 | Slime:5  | Entered Level 5 of the Pits of Slime
 13844 | Slime:5  | Noticed a rockslime
 13854 | Slime:5  | Noticed an azure jelly
 13866 | Slime:5  | Noticed a rockslime
 13866 | Slime:5  | Noticed an azure jelly
 13867 | Slime:5  | Found a viscous altar of Jiyva.
 13867 | Slime:5  | Noticed an acid blob
 13867 | Slime:5  | Noticed the Royal Jelly
 13868 | Slime:5  | Noticed an acid blob
 13869 | Slime:5  | Noticed an acid blob
 13870 | Slime:5  | Noticed an azure jelly
 13870 | Slime:5  | Noticed an acid blob
 13870 | Slime:5  | Noticed a rockslime
 13870 | Slime:5  | Noticed an acid blob
 13870 | Slime:5  | Noticed an acid blob
 13873 | Slime:5  | Noticed an acid blob
 13874 | Slime:5  | Identified the +0 ring mail "Cog Fuer" {rC+}
 13877 | Slime:5  | Identified the +1 dagger "Zeboisuo" {drain, Str+5}
 13881 | Slime:5  | Noticed an azure jelly
 13889 | Slime:5  | Got a slimy rune of Zot
 13944 | Slime:5  | Noticed a quicksilver ooze
 13986 | Slime:1  | Noticed a quicksilver ooze
 14314 | D:13     | Noticed Erolcha
 14322 | D:13     | Killed Erolcha
 14425 | D:13     | Found a gate to the Vaults.
 14820 | D:14     | Lost mutation: You have a pair of large horns on your head.
                  | [Jiyva's grace]
 14820 | D:14     | Lost mutation: Your transparent skin significantly reduces
                  | your foes' accuracy. (Stealth+) [Jiyva's grace]
 14820 | D:14     | Lost mutation: Your translucent skin reduces your foes'
                  | accuracy. (Stealth+) [Jiyva's grace]
 14820 | D:14     | Gained mutation: You are very robust. (+20% HP) [Jiyva's
                  | grace]
 14820 | D:14     | Gained mutation: You are extremely robust. (+30% HP)
                  | [Jiyva's grace]
 14820 | D:14     | Gained mutation: Your pliable body absorbs attacks. (AC +2,
                  | EV +2) [Jiyva's grace]
 14820 | D:14     | Gained mutation: Your gelatinous body deflects attacks. (AC
                  | +3, EV +3) [Jiyva's grace]
 15124 | D:14     | Found a shadowy altar of Dithmenos.
 15567 | D:15     | Entered Level 15 of the Dungeon
 15574 | D:15     | Found a broken altar of Ashenzari.
 15652 | D:15     | Noticed Louise
 15653 | Abyss:3  | Cast into level 3 of the Abyss (Louise)
 15663 | Abyss:3  | Found an opulent altar of Gozag.
 15758 | Abyss:5  | Noticed a daeva
 15758 | Abyss:5  | Noticed a green draconian monk
 15758 | Abyss:5  | Noticed a black draconian knight
 15758 | Abyss:5  | Noticed a quicksilver dragon
 15759 | Abyss:5  | Noticed a reaper
 15759 | Abyss:5  | Noticed a blizzard demon
 15762 | Abyss:5  | HP: 6/129 [daeva/divine providence (17)]
 15763 | Abyss:5  | Mangled by a reaper

Illustrated notes

Levels and vault maps discovered:
D:1:      shiori_shiawase, layout_basic, serial_co_window_serial,
          co_window_of_opportunity_a, co_window_paths_a, co_window_cross_1,
          co_window_paths_a, co_window_paths_a, co_window_corner_a,
          co_window_paths_a, co_window_corner_b, co_window_of_opportunity_b,
          co_window_corner_b, co_window_of_opportunity_c, glass_columns_c,
          glass_columns_c, glass_columns_b, glass_columns_a, minivault_24,
          amcnicky_mini_rare_corridor_liquid, minmay_box_of_dots
D:2:      kennysheep_six_static_rooms, layout_loops_corners,
          shapermc_ecumenical_altar_pompeii, uniq_jessica
D:3:      layout_loops_ring, nrook_uturn, nicolae_eternal_life
D:4:      layout_cave_pods, gammafunk_temple_overflow_elements,
          minmay_temple_entry_statues
D:5:      layout_loops_ring, mainiacjoe_overflow_small_starburst,
          gammafunk_ghost_icy
D:6:      layout_gridville, hangedman_ru_absence, gammafunk_ghost_stat_death,
          nicolae_ossuary_entry_ruins, minmay_fountain_box
D:7:      layout_gridville, marbit_many_paths
D:8:      layout_loops_ring, enter_bailey_2, uniq_joseph
D:9:      layout_cave_pods, grunt_temple_overflow_order_and_chaos_1,
          vehumet_statue, hellmonk_lair_entry_icy, kennysheep_cluttered_room
D:10:     layout_loops_ring, mainiacjoe_overflow_boulevard,
          mainiacjoe_overflow_concentric_impassable,
          minmay_orc_entry_temple_small, grunt_decor_arrowhead
D:11:     layout_long_grid
D:12:     layout_cave_pools, serial_shops, nicolae_shop_back_alley_shop,
          nicolae_shop_tiny_real_fake_doors, uniq_kirke
D:13:     layout_roguey, david_vaults_2, serial_curves, eino_curves_01,
          eino_curves_01, eino_curves_03, uniq_erolcha
D:14:     layout_irregular_city, lemuel_round_altar,
          hangedman_abyss_or_decor_stabs, elyvilon_altar_5
D:15:     hangedman_depths_entry_try_elsewhere_first, layout_irregular_city,
          nicolae_ashenzari_skybound, grunt_ministairs_9, uniq_louise
Lair:1:   layout_cave_shapes, gauntlet_entry_generic
Lair:2:   regret_index_combs_of_tragedy, layout_cave_pods, swamp_mist
Lair:3:   layout_regular_city, nicolae_spider_entry_tight_spaces
Lair:4:   layout_cave_pods, minmay_slime_entry_oklob_open, st_stairs_4
Slime:1:  layout_caves
Slime:2:  layout_caves
Slime:3:  layout_caves
Slime:4:  cheibrodos_slime_lost_civilization_1, layout_caves
Slime:5
Abyss:5:  base: Swamp:3, eino_small_chamber_without_monster,
          gammafunk_abyss_rune_reverse_zot, minivault_1

Skill      XL: |  1  2  3  4  5  6  7  8  9 10 11 12 13 |
---------------+----------------------------------------+-----
Long Blades    | 2 3 4 5 7 |  7.3
Armour         | 3 4 5 7 8 9 10 11 | 11.1
Fighting       | 4 5 6 8 9 11 12 13 | 13.3
Dodging        | 1 2 3 4 5 7 8 |  8.2
Shields        | 3 |  3.0
Short Blades   | 2 5 7 8 9 |  9.5
Throwing       | 1 2 |  2.0
Evocations     | 1 |  1.0

Action                     |  1- 3 |  4- 6 |  7- 9 | 10-12 | 13-15 || total
---------------------------+-------+-------+-------+-------+-------++-------
  Melee: Long sword        |    91 |   160 |   225 |       |       ||   476
         Kick              |       |    44 |   167 |   353 |   103 ||   667
         Pseudopods        |       |     4 |   121 |   203 |       ||   328
         Punch             |       |     2 |     6 |    24 |     3 ||    35
         Short sword       |       |       |   282 |   786 |   204 ||  1272
         Bite              |       |       |       |    91 |    40 ||   131
         Headbutt          |       |       |       |    21 |    75 ||    96
  Throw: Boomerang         |       |     3 |    23 |    14 |     8 ||    48
         Dart              |       |       |    10 |    12 |       ||    22
 Invoke: Slimify           |       |       |     4 |     1 |     2 ||     7
  Evoke: Wand              |       |       |    10 |     1 |       ||    11
    Use: Scroll            |       |     1 |     9 |       |     2 ||    12
         Potion            |       |       |     6 |       |     3 ||     9
   Stab: Invisible         |       |       |     2 |       |     8 ||    10
         Confused          |       |       |       |    27 |     3 ||    30
         Distracted        |       |       |       |       |     1 ||     1
 Armour: Scale mail        |    41 |   115 |   159 |   165 |    33 ||   513
  Dodge: Dodged            |    42 |    82 |   471 |   523 |    65 ||  1183
